 Dungeon Crawl Stone Soup version 0.28-a0-577-gb193047a1f (webtiles) character file.

Game seed: 16432029036725397151

119 siradein the Gusty (level 4, -3/33 HPs)
             Began as a Demigod Air Elementalist on Oct 1, 2021.
             Slain by Crazy Yiuf (6 damage)
             ... on level 2 of the Dungeon.
             The game lasted 00:02:54 (2587 turns).

siradein the Gusty (Demigod Air Elementalist)       Turns: 2587, Time: 00:02:54

Health: -3/33      AC:  3    Str:  9    XL:     4   Next: 47%
Magic:  2/10       EV: 12    Int: 21    God:
Gold:   89         SH:  0    Dex: 14    Spells: 4/7 levels left

rFire   . . .      SeeInvis .   b - +0 dagger (venom)
rCold   . . .      Faith    .   (no shield)
rNeg    . . .      Spirit   .   a - +0 robe
rPois   .          Reflect  .   (no helmet)
rElec   .          Harm     .   (no cloak)
rCorr   .          Rampage  .   c - +0 pair of gloves
Will    .....                   (no boots)
Stlth   ++........              (no amulet)
HPRegen 0.11/turn               (no ring)
MPRegen 0.12/turn               (no ring)

@: very slightly contaminated
A: high mp 1, forlorn
a: no special abilities


You were on level 2 of the Dungeon.
You visited 1 branch of the dungeon, and saw 2 of its levels.

You collected 89 gold pieces.

Inventory:

Hand Weapons
 b - a +0 dagger of venom (weapon)
Armour
 a - a +0 robe (worn)
 c - a +0 pair of gloves (worn)
Scrolls
 d - 6 scrolls of identify {unknown}
Potions
 e - a potion of heal wounds {unknown}
 f - 3 potions of curing {unknown}
 g - 2 potions of degeneration {unknown}
 h - 2 potions of brilliance {unknown}


   Skills:
 + Level 2.5 Dodging
 + Level 2.6 Stealth
 + Level 2.4 Spellcasting
 + Level 2.0 Conjurations
 + Level 3.3 Air Magic


You had 4 spell levels left.
You knew the following spells:

 Your Spells              Type           Power      Damage    Failure   Level
a - Shock                 Conj/Air       52%        1d6       4%          1
b - Static Discharge      Conj/Air       13%        N/A       7%          2

Your spell library contained the following spells:

 Spells                   Type           Power      Damage    Failure   Level
 Swiftness                Air            16%        N/A       11%         3
 Airstrike                Air            8%         N/A       36%         4


Dungeon Overview and Level Annotations

Branches:
Dungeon (2/15)

Annotations:
D:2 Crazy Yiuf


Innate Abilities, Weirdness & Mutations

Your attributes grow dramatically as you level up.
You have an increased reservoir of magic. (+10% MP)
You shall have no god before yourself.


Message History

Your Conjurations skill increases to level 2!
Your magical contamination has completely faded away.
You feel yourself speed up.
g - 2 black potions (gained 1)
You see here the felid corpse of Natasha.
You see here a +0 mace.
Could not explore, unopened runed door.
Could not explore, unopened runed door.
Could not explore, unopened runed door.
You open the door.
Casting: Static Discharge (safe; 7% risk of failure)
Confirm with . or Enter, or press ? or * to list all spells.
Crazy Yiuf is struck by an arc of lightning!
Crazy Yiuf shouts!
Crazy Yiuf is heavily wounded.
You are struck by an arc of lightning.
The lightning grounds out.
Crazy Yiuf hits you with a +4 quarterstaff of chaos!
Crazy Yiuf burns you.
Casting: Static Discharge (safe; 7% risk of failure)
Confirm with . or Enter, or press ? or * to list all spells.
Crazy Yiuf is struck by an arc of lightning.
Crazy Yiuf is heavily wounded.
The lightning grounds out.
Crazy Yiuf barely misses you.
Unknown command.
Casting: Static Discharge (safe; 7% risk of failure)
Confirm with . or Enter, or press ? or * to list all spells.
You miscast Static Discharge.
You are very lightly contaminated with residual magic.
Nothing appears to happen.
Crazy Yiuf hits you with a +4 quarterstaff of chaos!
* * * LOW HITPOINT WARNING * * *
Casting: Static Discharge (safe; 7% risk of failure)
Confirm with . or Enter, or press ? or * to list all spells.
Crazy Yiuf is struck by an arc of lightning!
Crazy Yiuf is almost dead.
You are struck by an arc of lightning.
* * * LOW HITPOINT WARNING * * *
The lightning grounds out.
Crazy Yiuf hits you with a +4 quarterstaff of chaos.
You die...

<...........>..###....<.....#
#..######..#>#..##..........#
....)......#.##..#..........#
.........################.<.#
.........# #.<.# .........#
#...# .........# ### ♣♣##...#
####.....# #).)#♣♣ ♣♣..#...#
#.....# #.).g@♣♣♣♣......##
###.....# #)))#♣..♣.P....##
#.......# ### ♣♣♣)♣.P.###
#......## ♣♣♣♣♣## #.._...#
#......# #......# #......#
########


You could see Crazy Yiuf.

Vanquished Creatures
  Natasha (thrice) (D:2)
  A howler monkey skeleton (D:2)
  4 dart slugs
  2 bats
  5 endoplasms
  3 goblins (D:1)
  4 jackals (D:2)
  2 quokkas
  2 kobolds
  8 rats
34 creatures vanquished.

Vanquished Creatures (others)
  2 fungi (D:2)
2 creatures vanquished.

Grand Total: 36 creatures vanquished

Notes
Turn   | Place    | Note
-------+----------+-------------------------------------------
     0 | D:1      | siradein the Demigod Air Elementalist began the quest for
                  | the Orb.
     0 | D:1      | Reached XP level 1. HP: 14/14 MP: 5/5
   194 | D:1      | Reached skill level 1 in Conjurations
   573 | D:1      | Reached XP level 2. HP: 15/20 MP: 0/7
  1561 | D:2      | Reached skill level 3 in Air Magic
  1561 | D:2      | Reached XP level 3. HP: 15/26 MP: 3/8
  1951 | D:2      | Learned a level 2 spell: Static Discharge
  2143 | D:2      | Noticed Natasha
  2149 | D:2      | Killed Natasha
  2259 | D:2      | Found a runed translucent door.
  2260 | D:2      | Noticed Crazy Yiuf
  2408 | D:2      | Noticed Natasha
  2415 | D:2      | Killed Natasha
  2416 | D:2      | Reached XP level 4. HP: 24/33 MP: 2/10
  2508 | D:2      | Noticed Natasha
  2514 | D:2      | Killed Natasha
  2587 | D:2      | Slain by Crazy Yiuf

Illustrated notes

Levels and vault maps discovered:
D:1:      roderic_lyre, layout_basic, kennysheep_nondescript
D:2:      layout_rooms, basic_altar, uniq_natasha, uniq_crazy_yiuf_cottage

Skill      XL: |  1  2  3  4 |
---------------+-------------+-----
Conjurations   | 1 2 |  2.0
Stealth        | 2 |  2.6
Dodging        | 2 |  2.5
Spellcasting   | 2 |  2.4
Air Magic      | 3 |  3.3

Action                   |  1- 3 |  4- 6 || total
-------------------------+-------+-------++-------
Melee: Dagger            |     4 |       ||     4
 Cast: Shock             |    73 |     3 ||    76
       Static Discharge  |       |     4 ||     4
Armor: Robe              |     2 |       ||     2
Dodge: Dodged            |     2 |     1 ||     3

Table legend: (Time is in decaauts)
 A = Elapsed time spent in this place.
 B = Non-inter-level travel time spent in this place.
 C = Inter-level travel time spent in this place.
 D = Time resting spent in this place.
 E = Time spent auto-exploring this place.
 F = Levels seen in this place.
 G = Mean time per level.
                   A        B        C        D        E       F      G
               +--------+--------+--------+--------+--------+-----+--------+
         Total |   2607 |   2574 |     33 |      7 |   2373 |   2 | 1303.5 |
       Dungeon |   2607 |   2574 |     33 |      7 |   2373 |   2 | 1303.5 |
               +--------+--------+--------+--------+--------+-----+--------+

Top non-repeatable levels by time:
     D:1: 1491 daAuts
     D:2: 1116 daAuts
